 Dungeon Crawl Stone Soup version 0.23.0-3-gf3c87f2 (webtiles) character file.

Game seed: 10079496876951195513

123 MovingMist the Covered (level 5, -2/33 HPs)
             Began as a Gargoyle Fighter on Feb 21, 2019.
             Slain by an orc (5 damage)
             ... on level 3 of the Dungeon.
             The game lasted 00:05:28 (2895 turns).

MovingMist the Covered (Gargoyle Fighter)           Turns: 2895, Time: 00:05:30

Health: -2/33      AC:  0    Str: 19    XL:     5   Next: 7%
Magic:  5/5        EV: 13    Int:  9    God:
Gold:   144        SH:  0    Dex: 10    Spells: 4/4 levels left

rFire    . . .     SeeInvis .   (weapon currently unavailable)
rCold    . . .     Gourm    .   (shield currently unavailable)
rNeg     + . .     Faith    .   (armour currently unavailable)
rPois    ∞         Spirit   .   (helmet currently unavailable)
rElec    .         Reflect  .   (cloak currently unavailable)
rCorr    .         Harm     .   (gloves currently unavailable)
MR       .....                  (boots currently unavailable)
Stlth    +.........             (no amulet)
HPRegen  0.11/turn              (ring currently unavailable)
MPRegen  0.09/turn              (ring currently unavailable)

@: pig-form, very quick
A: small, negative energy resistance 1, petrification resistance, rot immunity,
AC +4
a: no special abilities


You were on level 3 of the Dungeon.
You were not hungry.
You were a filthy swine.
You visited 1 branch of the dungeon, and saw 3 of its levels.

You collected 144 gold pieces.

Inventory:

Hand Weapons
 a - a +0 flail
 h - a +0 whip (melded)
Armour
 b - a +0 scale mail (melded)
 c - a +0 shield (melded)
Wands
 e - a wand of flame (24)
Scrolls
 g - a scroll of identify
 i - a scroll of blinking {unknown}
 k - 2 scrolls of remove curse
Potions
 d - a potion of might
 j - a potion of ambrosia
 l - a potion of degeneration {unknown}
Comestibles
 f - 4 rations
 m - a chunk of flesh


   Skills:
 + Level 4.0 Fighting
 + Level 2.8 Maces & Flails
 * Level 4.6 Armour
 + Level 4.0 Shields


You had 4 spell levels left.
You didn't know any spells.
Your spell library was empty.

Dungeon Overview and Level Annotations

Branches:
Dungeon (3/15)

Altars:
Cheibriados
Gozag
Nemelex Xobeh


Innate Abilities, Weirdness & Mutations

You are resistant to torment.
((Your stone body is resilient. (AC +4)))
You are immune to poison.
You resist negative energy. (rN+)
((You are resistant to electric shocks. (rElec)))
((You can survive without breathing.))
You are immune to petrification.
You are immune to rotting.


Message History

The orc priest invokes the aid of Beogh against you.
Beogh smites you!
Unknown command.
Unknown command.
Your transformation has ended.
Your +0 whip unmelds from your body.
Your +0 shield unmelds from your body.
Your +0 scale mail unmelds from your body.
The orc priest mumbles some strange prayers to Beogh against you.
Beogh smites you!
* * * LOW HITPOINT WARNING * * *
The orc zaps a wand.
You turn into a filthy swine.
Your +0 whip melds into your body.
Your +0 shield melds into your body.
Your +0 scale mail melds into your body.
You hit the orc.
The orc is severely wounded.
The orc zaps a wand.
You resist with some effort.
You hit the orc.
The orc is almost dead.
The orc hits you.
You die...

#.# #...#
##.##.######
#.##..#
#...........
#..(.###
##.##.......
##..#.(##.
###########
#..o#...#.
#)#o#.#.#.#
###.#.#.#..
#)o.#.##.####
#.o.##h##...#
#.(#..#o#.##.#
...###..o..##.#
#.#. #..#.#.##.#
####...##.#.##.#
#... .##.##.#
#.# #. #.##.# #.
#. ..##.# . ..
####.#


You could see an orc priest and an orc.

Vanquished Creatures
  2 adders
  3 gnolls
  An ooze (D:1)
  2 worms
  3 dart slugs
  2 leopard geckos (D:1)
  An orc (D:3)
  5 bats
  5 giant cockroaches
  8 goblins
  6 hobgoblins
  3 jackals (D:2)
  9 kobolds
  8 rats
58 creatures vanquished.

Notes
Turn   | Place    | Note
-------+----------+-------------------------------------------
     0 | D:1      | MovingMist the Gargoyle Fighter began the quest for the
                  | Orb.
     0 | D:1      | Reached XP level 1. HP: 14/14 MP: 1/1
    40 | D:1      | Reached XP level 2. HP: 6/19 MP: 2/2
   549 | D:1      | Reached XP level 3. HP: 22/23 MP: 3/3
  1512 | D:2      | Reached XP level 4. HP: 19/29 MP: 4/4
  1741 | D:2      | Found an opulent altar of Gozag.
  1835 | D:2      | Found a sparkling altar of Nemelex Xobeh.
  2689 | D:3      | Found a snail-covered altar of Cheibriados.
  2739 | D:3      | Reached XP level 5. HP: 26/33 MP: 5/5
  2895 | D:3      | Slain by an orc

Skill      XL: |  1  2  3  4  5 |
---------------+----------------+-----
Armour         | 4 |  4.6
Shields        | 4 |  4.0
Fighting       | 4 |  4.0
Maces & Flails | |  2.8

Action                   |  1- 3 |  4- 6 || total
-------------------------+-------+-------++-------
Melee: Flail             |    47 |       ||    47
       Whip              |    88 |   162 ||   250
       Unarmed           |       |    13 ||    13
  Use: Scroll            |       |     4 ||     4
  Eat: Chunk             |     2 |     5 ||     7
Armor: Scale mail        |    71 |    81 ||   152
Dodge: Dodged            |    48 |    61 ||   109
Block: Shield            |    79 |    70 ||   149
